 Dungeon Crawl Stone Soup version 0.23.2-30-g0e89c35649 (webtiles) character file.

Game seed: 194791296946968353

378 shadizar the Covered (level 6, 0/39 HPs)
             Began as a Gargoyle Fighter on June 21, 2019.
             Was an Initiate of Okawaru.
             Slain by an ice beast (10 damage)
             ... on level 5 of the Dungeon.
             The game lasted 00:04:35 (3131 turns).

shadizar the Covered (Gargoyle Fighter)             Turns: 3131, Time: 00:04:36

Health: 0/39       AC: 11    Str: 21    XL:     6   Next: 74%
Magic:  6/6        EV:  8    Int:  9    God:    Okawaru [......]
Gold:   214        SH:  9    Dex:  9    Spells: 5/5 levels left

rFire    . . .     SeeInvis .   a - +0 flail
rCold    . . .     Gourm    .   c - +0 shield
rNeg     + . .     Faith    .   b - +0 scale mail
rPois    ∞         Spirit   .   (no helmet)
rElec    +         Reflect  .   (no cloak)
rCorr    .         Harm     .   (no gloves)
MR       .....                  (no boots)
Stlth    ..........             (no amulet)
HPRegen  0.13/turn              (no ring)
MPRegen  0.10/turn              (no ring)

@: no status effects
A: negative energy resistance 1, electricity resistance, unbreathing,
petrification resistance, rot immunity, AC +4
a: Renounce Religion


You were on level 5 of the Dungeon.
You worshipped Okawaru.
Okawaru was noncommittal.
You were not hungry.

You visited 2 branches of the dungeon, and saw 6 of its levels.

You collected 214 gold pieces.

Inventory:

Hand Weapons
 a - a +0 flail (weapon)
Armour
 b - a +0 scale mail (worn)
 c - a +0 shield (worn)
 i - a +2 pair of boots
 l - a cursed -1 helmet
 m - a +0 chain mail
Jewellery
 p - an uncursed ring of protection from cold {unknown}
 v - a cursed ring of attention {unknown}
Wands
 r - a wand of flame (11)
Scrolls
 h - 4 scrolls of identify {unknown}
 j - a scroll of enchant weapon {unknown}
 k - 4 scrolls of fear {unknown}
 o - 3 scrolls of teleportation {unknown}
 q - a scroll of remove curse {unknown}
 t - 2 scrolls of fog {unknown}
Potions
 d - 2 potions of might
 e - a potion of flight {unknown}
 g - a potion of curing {unknown}
 n - a potion of mutation {unknown}
 s - 3 potions of lignification {unknown}
 u - a potion of heal wounds
Comestibles
 f - 5 rations


   Skills:
 + Level 4.6 Fighting
 + Level 3.5 Maces & Flails
 + Level 4.6 Armour
 + Level 2.1 Dodging
 + Level 4.6 Shields


You had 5 spell levels left.
You didn't know any spells.
Your spell library contained the following spells:

 Spells                   Type           Power        Failure   Level  Hunger
 Animate Skeleton         Necr           N/A          99%         1    ##.....


Dungeon Overview and Level Annotations

Branches:
Dungeon (5/15)             Temple (1/1) D:4

Altars:
Ashenzari
Elyvilon
Fedhas
Gozag
Hepliaklqana
Kikubaaqudgha
Makhleb
Nemelex Xobeh
Okawaru
Qazlal
Ru
Sif Muna
Trog
Uskayaw
Vehumet
Xom
The Shining One

Shops:
D:4 *

Annotations:
D:3 Grinder


Innate Abilities, Weirdness & Mutations

You are resistant to torment.
Your stone body is resilient. (AC +4)
You are immune to poison.
You resist negative energy. (rN+)
You are resistant to electric shocks. (rElec)
You can survive without breathing.
You are immune to petrification.
You are immune to rotting.


Message History

You are too injured to fight recklessly!
You are too injured to fight recklessly!
You are too injured to fight recklessly!
You are too injured to fight recklessly!
You are too injured to fight recklessly!
You are too injured to fight recklessly!
You are too injured to fight recklessly!
You are too injured to fight recklessly!
You sock the ice beast!
The ice beast is heavily wounded.
The ice beast closely misses you.
You barely miss the ice beast.
The ice beast is heavily wounded.
The ice beast hits you but does no damage.
You barely miss the ice beast.
The ice beast is heavily wounded.
You block the ice beast's attack. The ice beast hits you.
* * * LOW HITPOINT WARNING * * *
The ice beast freezes you!
You die...

#.....†........### .#
#.........#.#...# ..#
#.........#.#.#.##
#..#
#....######.#.....
#..# #....# #.###.##
#..##....# #.....##
#..⌠
#..#....##########...
..⌠.
#.....##............
.⌠._. ###@..#
#####..#.## ..⌠.⌠
##hY.### #.....#.#
#..⌠..##..###
#.....#.# ##...##..##
#######+## ##..####.#
.. #........# ..
#.....##.... ..
#.#.#.# ## .. ...#.
.# .


You could see an ice beast and a hound.

Vanquished Creatures
  A scorpion (D:5)
  An orc priest (D:4)
  Natasha (thrice) (D:2)
  3 worker ants (D:4)
  Terence (D:3)
  3 adders
  3 gnolls (D:4)
  2 worms
  A dart slug (D:1)
  4 leopard geckos
  7 orcs
  A ball python (D:1)
  8 bats
  2 giant cockroaches
  7 goblins
  5 hobgoblins
  4 jackals (D:1)
  A quokka (D:2)
  7 frilled lizards
  2 kobolds
  4 rats
70 creatures vanquished.

Notes
Turn   | Place    | Note
-------+----------+-------------------------------------------
     0 | D:1      | shadizar the Gargoyle Fighter began the quest for the Orb.
     0 | D:1      | Reached XP level 1. HP: 14/14 MP: 1/1
    48 | D:1      | Reached XP level 2. HP: 16/19 MP: 2/2
   337 | D:1      | Reached XP level 3. HP: 23/23 MP: 3/3
   583 | D:2      | Reached skill level 1 in Dodging
   685 | D:2      | Reached XP level 4. HP: 19/29 MP: 4/4
   760 | D:2      | Noticed Natasha
   772 | D:2      | Killed Natasha
   832 | D:2      | Noticed Natasha
   841 | D:2      | Killed Natasha
   875 | D:2      | Noticed Natasha
   882 | D:2      | Killed Natasha
   882 | D:2      | Reached XP level 5. HP: 33/33 MP: 5/5
  1332 | D:3      | Noticed Terence
  1353 | D:3      | Killed Terence
  1372 | D:3      | Noticed Grinder
  1372 | D:3      | Paralysed by Grinder for 4 turns
  1385 | D:3      | Paralysed by Grinder for 4 turns
  1706 | D:4      | Found a radiant altar of Vehumet.
  1706 | D:4      | Found an ancient bone altar of Kikubaaqudgha.
  1707 | D:4      | Found a deep blue altar of Sif Muna.
  1712 | D:4      | Identified Kikubaaqudgha's Almanac of Necromancy
  1824 | D:4      | Reached XP level 6. HP: 17/39 MP: 6/6
  1871 | D:4      | Found a staircase to the Ecumenical Temple.
  1906 | Temple   | Entered the Ecumenical Temple
  1964 | Temple   | Became a worshipper of Warmaster Okawaru
  2341 | D:4      | Found Umall's Assorted Antiques.
  3030 | D:5      | Entered Level 5 of the Dungeon
  3114 | D:5      | Noticed an ice beast
  3116 | D:5      | Found a glowing golden altar of the Shining One.
  3131 | D:5      | Slain by an ice beast

Skill      XL: |  1  2  3  4  5  6 |
---------------+-------------------+-----
Dodging        | 1 2 |  2.1
Armour         | 4 |  4.6
Fighting       | 4 |  4.6
Shields        | 4 |  4.6
Maces & Flails | 3 |  3.5

Action                   |  1- 3 |  4- 6 || total
-------------------------+-------+-------++-------
Melee: Flail             |   121 |   194 ||   315
       Unarmed           |       |     5 ||     5
  Eat: Chunk             |       |     6 ||     6
       Ration            |       |     1 ||     1
Armor: Scale mail        |    86 |    82 ||   168
Dodge: Dodged            |    74 |    65 ||   139
Block: Shield            |    75 |   111 ||   186
